 Dungeon Crawl Stone Soup version 0.29-a0-901-g46a8461d6a (webtiles) character file.

Game seed: 17368749983649281790

1311 gruber the Destroyer (level 8, -1/41 HPs)
             Began as a Tengu Conjurer on July 23, 2022.
             Was an Initiate of Vehumet.
             Slain by an ogre
             ... wielding a +0 giant club
              (27 damage)
             ... on level 6 of the Dungeon.
             The game lasted 00:06:51 (7252 turns).

gruber the Destroyer (Tengu Conjurer)               Turns: 7252, Time: 00:06:51

Health: -1/41      AC:  4    Str: 14    XL:     8   Next: 58%
Magic:  7/14       EV: 14    Int: 20    God:    Vehumet [......]
Gold:   322        SH:  0    Dex: 13    Spells: 4/14 levels left

rFire   . . .      SeeInvis .   q - +2 spear (freeze)
rCold   . . .      Faith    .   (no shield)
rNeg    . . .      Spirit   .   G - +2 robe
rPois   +          Reflect  .   (helmet restricted)
rElec   .          Harm     .   (no cloak)
rCorr   .          Rampage  .   (no gloves)
Will    .....                   (boots unavailable)
Stlth   ++........              (no amulet)
HPRegen 0.13/turn               l - +6 ring of strength
MPRegen 0.14/turn               j - ring of poison resistance

@: flying quickly and evasively, quick
A: beak, talons 3, nimble flight
a: Renounce Religion


You were on level 6 of the Dungeon.
You worshipped Vehumet.
Vehumet was noncommittal.
You visited 2 branches of the dungeon, and saw 7 of its levels.

You collected 322 gold pieces.

Inventory:

Hand Weapons
 c - a +2 hand axe of flaming
 q - a +2 spear of freezing (weapon)
Missiles
 u - 2 throwing nets
Armour
 C - the +1 ring mail of Supple Strength {Str+4 Dex+7}
   (You found it on level 5 of the Dungeon)

   Str:       It affects your strength (+4).
   Dex:       It affects your dexterity (+7).
 G - a +2 robe (worn)
Jewellery
 a - a ring of ice
 j - a ring of poison resistance (right hand)
 l - a +6 ring of strength (left hand)
 r - a ring of protection from fire
 D - a ring of ice
Wands
 s - a wand of flame (19)
 F - a wand of digging (3)
Scrolls
 e - 2 scrolls of magic mapping {unknown}
 f - a scroll of identify {unknown}
 g - a scroll of enchant weapon {unknown}
 h - 3 scrolls of blinking {unknown}
 k - 2 scrolls of enchant armour {unknown}
 m - a scroll of brand weapon {unknown}
 p - 2 scrolls of teleportation {unknown}
 y - a scroll of immolation {unknown}
 B - a scroll of noise {unknown}
 E - a scroll of amnesia {unknown}
Potions
 b - 2 potions of magic
 d - a potion of degeneration {unknown}
 i - 2 potions of attraction {unknown}
 n - a potion of berserk rage {unknown}
 o - 2 potions of curing {unknown}
 t - 2 potions of cancellation {unknown}
 v - 2 potions of haste {unknown}
 w - a potion of heal wounds {unknown}
 x - 2 potions of lignification {unknown}
 z - a potion of mutation {unknown}
 A - a potion of resistance
 H - a potion of brilliance {unknown}


   Skills:
 - Level 6.1 Armour
 - Level 2.1 Dodging
 - Level 2.0 Stealth
 * Level 3.5 Spellcasting
 - Level 11.3 Conjurations


You had 4 spell levels left.
You knew the following spells:

 Your Spells              Type           Power      Damage    Failure   Level
a - Magic Dart            Conj           100%       1d8       1%          1
b - Searing Ray           Conj           96%        2d7       1%          2
c - Dazzling Flash        Conj/Hex       52%        N/A       4%          3
d - Fulminant Prism       Conj/Hex       13%        3d9       13%         4

Your spell library contained the following spells:

 Spells                   Type           Power      Damage    Failure   Level
 Iskenderun's Mystic Bla  Conj/Tloc      26%        2d7       13%         4


Dungeon Overview and Level Annotations

Branches:
Dungeon (6/15)             Temple (1/1) D:5

Altars:
Ashenzari
Cheibriados
Dithmenos
Elyvilon
Fedhas
Gozag
Hepliaklqana
Kikubaaqudgha
Okawaru
Qazlal
Ru
Uskayaw
Vehumet
Wu Jian
Xom
Yredelemnul
Zin
The Shining One

Annotations:
D:3 exclusion: oklob plant
D:6 Edmund


Innate Abilities, Weirdness & Mutations

You have a beak for a mouth.
You have claws for feet.
Your magical nature lets you fly swiftly and evasively.


Message History

Aiming: Searing Ray (safe; 1% risk of failure)
Press: ? - help, Shift-Dir - straight line, f/p - Edmund
Aim: Edmund, wielding a +1 flail of protection and wearing a +0 leather armour (lightly wounded, 83% to hit)
The searing ray hits Edmund but does no damage.
Edmund is lightly wounded. (Press . to maintain the ray.)
The searing ray misses Edmund.
The searing ray hits Edmund.
Edmund is lightly wounded.
The searing ray misses Edmund.
You finish channelling your searing ray.
Edmund barely misses you.
Casting: Searing Ray (safe; 1% risk of failure)
Confirm with . or Enter, or press ? or * to list all spells.
Aiming: Searing Ray (safe; 1% risk of failure)
Press: ? - help, Shift-Dir - straight line, f/p - Edmund
Aim: Edmund, wielding a +1 flail of protection and wearing a +0 leather armour (lightly wounded, 83% to hit)
The searing ray hits Edmund.
Edmund is moderately wounded. (Press . to maintain the ray.) Edmund hits you with a +1 flail of protection.
The searing ray hits Edmund.
Edmund is moderately wounded.
Edmund hits you with a +1 flail of protection!
The searing ray hits Edmund!
Edmund is heavily wounded.
Edmund hits you with a +1 flail of protection!
The searing ray hits Edmund!
Edmund is severely wounded.
You finish channelling your searing ray.
Edmund closely misses you.
There is an open door here.
There is an open door here.
There is an open door here.
Edmund asks, "Have you met my wondrous brother?"
There is an open door here.
The ogre shouts!
The ogre hits you with a +0 giant club!!
Ouch! That really hurt!
You die...

#########
##.......###############
.'.......'...@..@O.....#
##.....).#############.#
#.......# #.# #.......#
#.# #.......# #.#
######### #.# #.# #.# #
#.#


You could see Edmund and an ogre.

Vanquished Creatures
  Sigmund (D:6)
  Eustachio (D:4)
  2 water moccasins
  A black bear (D:5)
  2 ogres
  A phantom (D:6)
  A scorpion (D:5)
  A jelly (D:4)
  2 orc priests
  2 orc wizards
  Natasha (thrice) (D:2)
  Robin (D:3)
  3 gnolls (D:2)
  3 adders
  A white imp (D:6)
  4 worms
  5 dart slugs
  15 orcs
  6 endoplasms
  4 giant cockroaches
  12 goblins
  9 hobgoblins
  7 jackals
  3 quokkas (D:1)
  8 ball pythons
  7 bats
  4 frilled lizards
  6 kobolds
  A rat (D:2)
116 creatures vanquished.

Vanquished Creatures (others)
  A fulminant prism (D:6)
  5 fungi (D:3)
  8 plants (D:3)
14 creatures vanquished.

Grand Total: 130 creatures vanquished

Notes
Turn   | Place    | Note
-------+----------+-------------------------------------------
     0 | D:1      | gruber the Tengu Conjurer began the quest for the Orb.
     0 | D:1      | Reached XP level 1. HP: 10/10 MP: 4/4
   247 | D:1      | Reached XP level 2. HP: 15/15 MP: 3/6
   491 | D:1      | Reached skill level 6 in Conjurations
   731 | D:1      | Reached XP level 3. HP: 19/19 MP: 3/7
  1347 | D:2      | Found a faded altar of an unknown god.
  1476 | D:2      | Reached XP level 4. HP: 24/24 MP: 6/8
  1535 | D:2      | Reached skill level 7 in Conjurations
  1721 | D:2      | Noticed Natasha
  1726 | D:2      | Killed Natasha
  2050 | D:2      | Noticed Natasha
  2054 | D:2      | Killed Natasha
  2055 | D:2      | Gained mutation: Your magical nature lets you fly swiftly
                  | and evasively. [Tengu growth]
  2055 | D:2      | Reached XP level 5. HP: 21/28 MP: 5/10
  2192 | D:2      | Learned a level 2 spell: Searing Ray
  2419 | D:2      | Noticed Natasha
  2423 | D:2      | Killed Natasha
  2424 | D:2      | Reached skill level 8 in Conjurations
  3206 | D:3      | Noticed Robin
  3225 | D:3      | Reached XP level 6. HP: 32/32 MP: 2/11
  3322 | D:3      | Reached skill level 9 in Conjurations
  3418 | D:3      | Killed Robin
  3698 | D:3      | Found a blossoming altar of Fedhas.
  3720 | D:3      | Noticed an oklob plant
  3882 | D:4      | Noticed a water moccasin
  3978 | D:4      | Learned a level 3 spell: Dazzling Flash
  3983 | D:4      | Learned a level 4 spell: Fulminant Prism
  4152 | D:4      | Killed a water moccasin
  4153 | D:4      | Reached skill level 10 in Conjurations
  4469 | D:4      | Reached XP level 7. HP: 26/36 MP: 7/12
  4832 | D:4      | Found a glowing golden altar of the Shining One.
  4870 | D:4      | Noticed Eustachio
  4878 | D:4      | Killed Eustachio
  4996 | D:5      | Entered Level 5 of the Dungeon
  5072 | D:5      | Reached skill level 11 in Conjurations
  5281 | D:5      | Found a glowing silver altar of Zin.
  5304 | D:5      | Identified the +1 ring mail of Supple Strength {Str+4
                  | Dex+7}
  5840 | D:5      | Reached XP level 8. HP: 28/41 MP: 7/13
  6103 | D:5      | Found a staircase to the Ecumenical Temple.
  6245 | Temple   | Entered the Ecumenical Temple
  6263 | Temple   | Became a worshipper of Vehumet
  6567 | D:6      | Noticed Sigmund
  6575 | D:6      | Killed Sigmund
  6665 | D:6      | Noticed Edmund
  6716 | D:6      | Reached skill level 5 in Armour
  7252 | D:6      | Slain by an ogre

Illustrated notes

Levels and vault maps discovered:
D:1:      dpeg_arrival_prison, layout_basic, kennysheep_doodads
D:2:      layout_loops_ring, hellmonk_ecumenical_altar_lost_god, uniq_natasha
D:3:      layout_rooms, tgw_fedhas, nicolae_figureground_sparkle, uniq_robin
D:4:      layout_loops_cross, tso_altar, kennysheep_decorative_pillar,
          uniq_eustachio
D:5:      black_bear_nest_1, layout_loops_cross, mainiacjoe_overflow_brackets,
          minmay_temple_entry_enclosed_plants, kennysheep_flooded_box,
          amcnicky_mini_corridor_feature
D:6:      layout_basic, uniq_edmund, uniq_sigmund, uniq_crazy_yiuf_cottage
Temple:   minmay_freezing_vapour_temple

Skill      XL: |  1  2  3  4  5  6  7  8 |
---------------+-------------------------+-----
Conjurations   | 6 7 8 10 11 | 11.3
Spellcasting   | 3 |  3.5
Armour         | 3 6 |  6.1
Dodging        | |  2.1
Stealth        | |  2.0

Action                   |  1- 3 |  4- 6 |  7- 9 || total
-------------------------+-------+-------+-------++-------
Melee: Hand axe          |    12 |     2 |       ||    14
       Kick              |     3 |     2 |     2 ||     7
       Peck              |     1 |     1 |     1 ||     3
       Spear             |       |    11 |    10 ||    21
 Cast: Magic Dart        |    56 |    87 |     4 ||   147
       Searing Ray       |       |    13 |    21 ||    34
       Fulminant Prism   |       |       |     1 ||     1
Armor: Robe              |     1 |     4 |       ||     5
       Leather armour    |       |       |     2 ||     2
Dodge: Dodged            |    11 |    34 |    13 ||    58

Table legend: (Time is in decaauts)
 A = Elapsed time spent in this place.
 B = Non-inter-level travel time spent in this place.
 C = Inter-level travel time spent in this place.
 D = Time resting spent in this place.
 E = Time spent auto-exploring this place.
 F = Levels seen in this place.
 G = Mean time per level.
                   A        B        C        D        E       F      G
               +--------+--------+--------+--------+--------+-----+--------+
         Total |   7012 |   6581 |    431 |    340 |   5512 |   7 | 1001.7 |
       Dungeon |   6991 |   6565 |    426 |    340 |   5503 |   6 | 1165.2 |
        Temple |     21 |     16 |      5 |      0 |      9 |   1 |   21.0 |
               +--------+--------+--------+--------+--------+-----+--------+

Top non-repeatable levels by time:
     D:2: 1872 daAuts
     D:5: 1553 daAuts
     D:1: 1161 daAuts
     D:4: 1045 daAuts
     D:3: 796 daAuts
     D:6: 561 daAuts
  Temple: 21 daAuts
